 Dungeon Crawl Stone Soup version 0.23-a0-483-g32a748b514 (webtiles) character file.

1520 Naow the Cleaver (level 9, -9/72 HPs)
             Began as a Formicid Fighter on Nov 30, 2018.
             Was an Initiate of Okawaru.
             Mangled by Pikel
             ... wielding a +2 whip of electrocution
              (17 damage)
             ... on level 6 of the Dungeon.
             The game lasted 00:11:08 (6222 turns).

Naow the Cleaver (Formicid Fighter)                 Turns: 6222, Time: 00:11:08

Health: -9/72      AC:  8    Str: 24    XL:     9   Next: 10%
Magic:  9/9        EV:  8    Int:  8    God:    Okawaru [......]
Gold:   96         SH: 10    Dex: 10    Spells: 8/8 levels left

rFire    . . .     SeeInvis +   a - +0 war axe
rCold    . . .     Gourm    .   c - +0 shield
rNeg     . . .     Faith    .   b - +0 scale mail
rPois    .         Spirit   .   (helmet unavailable)
rElec    .         Reflect  .   s - +0 cloak
rCorr    .         Harm     .   (no gloves)
MR       .....                  (no boots)
Stlth    ..........             (no amulet)
HPRegen  0.22/turn              q - ring of attention (curse)
MPRegen  0.11/turn              (no ring)

@: no status effects
A: permanent stasis, dig shafts and tunnels, four strong arms, antennae 3
a: Dig, Shaft Self, Renounce Religion


You were on level 6 of the Dungeon.
You worshipped Okawaru.
Okawaru was noncommittal.
You were not hungry.

You visited 2 branches of the dungeon, and saw 7 of its levels.
You also visited: Ossuary.

You collected 192 gold pieces.
You spent 96 gold pieces at shops.

Inventory:

Hand Weapons
 a - a +0 war axe (weapon)
Armour
 b - a +0 scale mail (worn)
 c - a +0 shield (worn)
 s - a +0 cloak (worn)
 w - a +2 shield of protection
Jewellery
 q - a cursed ring of attention (left hand)
 v - an uncursed ring of stealth {unknown}
 C - an uncursed amulet of rage {unknown}
Wands
 D - a wand of polymorph (12)
 E - a wand of flame (15)
Scrolls
 e - 7 scrolls of remove curse {unknown}
 h - 7 scrolls of identify {unknown}
 i - 2 scrolls of magic mapping {unknown}
 n - 2 scrolls of enchant armour {unknown}
 p - 4 scrolls of teleportation {unknown}
 r - a scroll of fog {unknown}
 u - a scroll of blinking {unknown}
 y - a scroll of immolation {unknown}
Potions
 d - 4 potions of might
 g - a potion of flight {unknown}
 j - 2 potions of agility
 k - 2 potions of haste
 l - a potion of resistance {unknown}
 m - 4 potions of curing
 o - a potion of mutation {unknown}
 x - a potion of berserk rage {unknown}
 A - a potion of heal wounds
Miscellaneous
 z - a lightning rod (4/4)
Comestibles
 f - 9 rations
 B - a chunk of flesh


   Skills:
 + Level 7.0 Fighting
 * Level 8.2 Axes
 + Level 4.6 Armour
 + Level 5.1 Shields


You had 8 spell levels left.
You didn't know any spells.
Your spell library contained the following spells:

 Spells                   Type           Power        Failure   Level  Hunger
 Flame Tongue             Conj/Fire      #....        93%         1    ##.....
 Throw Flame              Conj/Fire      #.....       98%         2    ###....
 Conjure Flame            Conj/Fire      #.......     100%        3    ####...
 Inner Flame              Hex/Fire       #.......     100%        3    ####...
 Sticky Flame             Conj/Fire      #.......     100%        4    #####..
 Fireball                 Conj/Fire      #.........   100%        5    ######.


Dungeon Overview and Level Annotations

Branches:
Dungeon (6/15)             Temple (1/1) D:6

Altars:
Ashenzari
Cheibriados
Elyvilon
Fedhas
Gozag
Hepliaklqana
Makhleb
Nemelex Xobeh
Okawaru
Qazlal
Ru
Sif Muna
Trog
Uskayaw
Vehumet
Wu Jian
Xom
Yredelemnul
Zin
Lugonu

Shops:
D:5 !([*

Annotations:
D:6 2 transporters, AnimeWaifu's ghost, amateur FeCj; Pikel


Innate Abilities, Weirdness & Mutations

You cannot be hasted, slowed, berserked, paralysed or teleported.
You can dig through walls and to a lower floor.
Your four strong arms can wield two-handed weapons with a shield.
You have a pair of large antennae on your head. (SInv)


Message History

Pikel is almost dead.
Pikel hits you with a +2 whip of electrocution.
You are electrocuted!
* * * LOW HITPOINT WARNING * * *
You barely miss Pikel.
Pikel is almost dead.
You block Pikel's attack.
You barely miss Pikel.
Pikel is almost dead.
You block Pikel's attack.
You miss Pikel.
Pikel is almost dead.
Pikel closely misses you.
You hit Pikel.
Pikel is almost dead.
Pikel hits you but does no damage. x2
You closely miss Pikel.
Pikel is almost dead.
Pikel hits you but does no damage.
You are electrocuted!
You die...

#.##..# #.# #.. #.##..#
#5#### #.#
#####.##..########....#
#######.#
.........pp..p..p####.#
#.......#
###.#.#.#.######p# #.#
#.####### #.....#.# #p# #.#
#.# # #.###...# #p# #.# #.#
## ....# #.### #K# #.# #.#
#. #...###.#### #@# #.###.#
#. )..........#
#.####...#.# #.
#.(...#.##.# ###..........#
## ......#.# #
#....P......## ####. #.#
#.P.P≈#.....# .. ..#
#.PP≈≈≈≈.#...## ## ##.#
..≈≈♣≈PP≈≈#..##
....{PPp♣♣♣♣≈≈P...#########
..##.P≈ ♣♣≈P.#..........


You could see Pikel and 4 slaves.

Vanquished Creatures
  Grinder (D:6)
  Edmund (D:6)
  An ice beast (D:6)
  A phantom (D:6)
  2 ogres (D:4)
  A water moccasin zombie (Ossuary)
  A scorpion (D:5)
  A centaur zombie (D:4)
  2 crimson imps
  A quasit (D:5)
  2 bullfrog zombies
  Crazy Yiuf (D:4)
  3 iguanas
  6 worker ants
  4 hound skeletons
  2 mummies (Ossuary)
  A worker ant zombie (D:4)
  A gnoll (D:1)
  9 adders
  A shadow imp (D:5)
  An ooze (D:2)
  7 adder zombies
  3 worms
  3 dart slugs
  2 leopard geckos (D:4)
  9 bats
  3 giant cockroaches
  4 gnoll zombies (Ossuary)
  9 goblins
  7 hobgoblins
  4 jackals
  2 quokkas
  2 ball pythons
  6 frilled lizards
  3 giant cockroach zombies (D:4)
  2 hobgoblin zombies (Ossuary)
  A jackal zombie (D:4)
  7 kobolds
  4 kobold zombies (Ossuary)
  2 leopard gecko skeletons (D:4)
  3 orc zombies (Ossuary)
  8 rats
  A spectral orc (D:3)
135 creatures vanquished.

Vanquished Creatures (others)
  A withered plant (D:4)
1 creature vanquished.

Grand Total: 136 creatures vanquished

Notes
Turn   | Place    | Note
-------+----------+-------------------------------------------
     0 | D:1      | Naow the Formicid Fighter began the quest for the Orb.
     0 | D:1      | Reached XP level 1. HP: 18/18 MP: 1/1
   125 | D:1      | Reached XP level 2. HP: 24/24 MP: 2/2
   464 | D:1      | Reached skill level 3 in Axes
   464 | D:1      | Reached XP level 3. HP: 26/30 MP: 3/3
  1056 | D:2      | Reached XP level 4. HP: 37/37 MP: 4/4
  1540 | D:2      | Found an opulent altar of Gozag.
  1798 | D:3      | Noticed a fire elemental
  1800 | D:3      | Found a stormy altar of Qazlal.
  1803 | D:3      | Noticed an earth elemental
  1803 | D:3      | Noticed a water elemental
  1803 | D:3      | Noticed an air elemental
  1823 | D:3      | Reached skill level 4 in Axes
  1823 | D:3      | Reached XP level 5. HP: 13/43 MP: 5/5
  2179 | D:3      | Found a sacrificial altar of Ru.
  2325 | D:3      | Noticed an ogre
  2466 | D:3      | Found a shattered altar of Ashenzari.
  2704 | D:3      | Found a basalt altar of Yredelemnul.
  2854 | D:4      | Found a bloodstained altar of Trog.
  2956 | D:4      | Reached XP level 6. HP: 43/49 MP: 6/6
  3025 | D:4      | Reached skill level 5 in Axes
  3314 | D:4      | Found a runed door.
  3376 | D:4      | Found a blossoming altar of Fedhas.
  3451 | D:4      | Reached skill level 5 in Fighting
  3558 | D:4      | Found a snail-covered altar of Cheibriados.
  3737 | D:4      | Noticed an ogre
  3745 | D:4      | Killed an ogre
  3745 | D:4      | Reached skill level 6 in Axes
  3745 | D:4      | Reached XP level 7. HP: 36/56 MP: 7/7
  4166 | D:4      | Noticed Crazy Yiuf
  4172 | D:4      | Killed Crazy Yiuf
  4237 | D:5      | Entered Level 5 of the Dungeon
  4292 | D:5      | Reached skill level 7 in Axes
  4292 | D:5      | Reached XP level 8. HP: 60/64 MP: 8/8
  4333 | D:5      | Found Nexi's General Store.
  4363 | D:5      | Found a hazy altar of Hepliaklqana.
  4498 | D:5      | Found a shimmering altar of Xom.
  4513 | D:5      | Found Fuschopteo's Weapon Boutique.
  4543 | D:5      | Found a hide-covered altar of Uskayaw.
  4667 | D:5      | Noticed a +0 hand axe
  4667 | D:5      | Noticed a +0 dagger
  4709 | D:5      | Found Uphiul's Distillery.
  4715 | D:5      | Found Zieduhuz's Antique Armour Shoppe.
  4717 | D:5      | Bought a potion of ambrosia for 96 gold pieces
  4733 | D:5      | Found a white marble altar of Elyvilon.
  4773 | D:5      | Found a sand-covered staircase.
  4840 | Ossuary  | Entered an ossuary
  5501 | D:6      | Found a transporter.
  5501 | D:6      | Found a transporter.
  5501 | D:6      | Noticed AnimeWaifu's ghost (amateur FeCj)
  5554 | D:6      | Found a staircase to the Ecumenical Temple.
  5593 | Temple   | Entered the Ecumenical Temple
  5637 | Temple   | Became a worshipper of Warmaster Okawaru
  5667 | D:6      | Noticed Grinder
  5688 | D:6      | Killed Grinder
  5934 | D:6      | Noticed Edmund
  5952 | D:6      | Killed Edmund
  5952 | D:6      | Reached skill level 8 in Axes
  5952 | D:6      | Reached skill level 5 in Shields
  5952 | D:6      | Reached XP level 9. HP: 58/71 MP: 9/9
  6118 | D:6      | Noticed Pikel
  6161 | D:6      | HP: 1/72 [Pikel/+2 whip of electrocution (9)]
  6222 | D:6      | Mangled by Pikel

Vault maps used:
D:1:      elethiomel_arrival_quiet, minmay_tromino_mix6
D:2:      grunt_gozag_statues
D:3:      nicolae_qazlal_style_of_elements, yredelemnul_forgotten_temple_becter,
          nicolae_ru_sacrificial_ziggurat, nicolae_ashenzari_panopticon
D:4:      fedhas_altar_2, bloody_trog, nicolae_overflow_crystal_walls,
          serial_undead, serial_undead_e, serial_undead_f, serial_undead_b,
          serial_undead_a, serial_undead_f, minmay_circle_x,
          uniq_crazy_yiuf_cottage
D:5:      lemuel_doored_altar, lemuel_round_altar, dancing_weapons_uskayaw,
          serial_shops, nicolae_shop_trees, shop, shop, kennysheep_mini,
          enter_ossuary_1, first_ration, basic_altar
D:6:      minmay_temple_entry_glassed_door, gammafunk_ghost_arena,
          serial_bayou_pond_c, uniq_eustachio, uniq_edmund, uniq_pikel,
          uniq_grinder
Temple:   corrupted_temple
Ossuary:  ossuary_tomb_2

Skill      XL: |  1  2  3  4  5  6  7  8  9 |
---------------+----------------------------+-----
Axes           | 3 4 6 7 8 |  8.2
Fighting       | 4 5 6 7 |  7.0
Shields        | 5 |  5.1
Armour         | 4 |  4.6

Action                   |  1- 3 |  4- 6 |  7- 9 || total
-------------------------+-------+-------+-------++-------
Melee: War axe           |    86 |   186 |   275 ||   547
  Use: Potion            |       |     1 |     4 ||     5
  Eat: Chunk             |     1 |     5 |     8 ||    14
       Ration            |       |     1 |       ||     1
Armor: Scale mail        |    45 |    65 |    99 ||   209
Dodge: Dodged            |    32 |    55 |    78 ||   165
Block: Shield            |    60 |    87 |   125 ||   272

Table legend:
 A = Non-vault XP
 B = Vault XP
 C = Vault XP percentage of total XP
 D = Non-vault monster count
 E = Vault monster count
 F = Vault count percentage of total count
                 A         B        C        D         E       F
            +---------+---------+-------+---------+---------+-------
      Total |    1295 |     877 |  40.4 |      92 |      43 |  31.9
            +---------+---------+-------+---------+---------+-------
        D:1 |      55 |       5 |   8.3 |      23 |       3 |  11.5
        D:2 |      46 |       0 |   0.0 |      21 |       0 |   0.0
        D:3 |     109 |       1 |   0.9 |      17 |       1 |   5.6
        D:4 |     417 |     256 |  38.0 |      15 |      15 |  50.0
        D:5 |     279 |       0 |   0.0 |      10 |       0 |   0.0
        D:6 |     343 |     441 |  56.2 |       5 |       2 |  28.6
     Temple |      46 |       0 |   0.0 |       1 |       0 |   0.0
    Ossuary |       0 |     174 | 100.0 |       0 |      22 | 100.0
            +---------+---------+-------+---------+---------+-------
